cohdb
Replays
Latest Replays
All Replays
Popular Replays
Top Player Replays
Match Explorer
How It Works
Community
CoH3 Stats
Reddit
Sign in to upload your games and track your stats! →
Sign in with Steam
Match 41286910
Unlisted
Match 41286910
Overview
Messages
Build Orders
End
Royal Engineer Section
Selects Canadian Shock Battlegroup
Construct Section Command Post
Infantry Section
Infantry Section
Infantry Section
Selects Attacking Spirit
Selects Canadian Shock Section
Construct Platoon Command Post
Humber Armored Car
Construct Field Infirmary
Canadian Shock Section
Selects Incendiary Munitions
Selects Pyrotechnics
Construct Company Command Post
Crusader II Medium Tank
Grenade Package
Foot Guards Section
Royal Engineer Section
Crusader II Medium Tank
Selects Churchill Crocodile Heavy Tank
Churchill Crocodile Heavy Tank
Selects Smoke Operation
BIOHAZARD
[LoB]Fagio
†TugaElite†
⁴²CPAKAPAKAMETAMФETAНАЛ
0
0
Comments
sign in to comment!
No comments posted yet!